General information
- name: BNet
- type: Ladder 1vs1/FFA
- host: Battle.net
- saver: ZombieMachoMan
map: LostTemple
- players: 2
- length: 16:51
- speed: Fast
- version: 1.26 W3XP
- replay type: Public
» download(47 KB)
Players
team 1 (loser)
hi4fngg (
green | 32 APM | 541 actions | 16:50)
2 Archmage
1 Summon Water Elemental
1 Brilliance Aura
» actions
| Assign group hotkey | 26 | |
| Basic commands | 100 | |
| Build / train | 57 | |
| Enter build submenu | 21 | |
| Enter hero's abilities submenu | 2 | |
| Right click | 2 | |
| Select / deselect | 177 | |
| Select group hotkey | 87 | |
| Use ability | 69 | |
541 total
» units
| Peasant | 18 | |
| Footman | 5 | |
| Rifleman | 9 | |
| Mortar Team | 2 | |
34 total
» upgrades
| Masonry | 2 | |
| Gunpowder | 1 | |
| Lumber Harvesting | 1 | |
4 total
» buildings
| Altar of Kings | 1 | |
| Farm | 5 | |
| Barracks | 1 | |
| Scout Tower | 13 | |
| Arcane Tower | 3 | |
| Lumber Mill | 1 | |
| Guard Tower | 6 | |
| Blacksmith | 1 | |
| Town Hall | 1 | |
| Keep | 1 | |
| Arcane Vault | 1 | |
| Workshop | 1 | |
| Arcane Sanctum | 1 | |
36 total
» build order
00:13 Altar of Kings
00:24 Farm
00:27 Barracks
01:04 Farm
01:36 Farm
01:43 Farm
02:09 Scout Tower
02:37 Scout Tower
02:43 Arcane Tower
02:50 Lumber Mill
02:56 Farm
03:15 Scout Tower
03:16 Scout Tower
03:18 Arcane Tower
03:46 Arcane Tower
04:14 Scout Tower
04:31 Guard Tower
04:49 Blacksmith
06:18 Scout Tower
06:19 Scout Tower
06:21 Town Hall
06:37 Guard Tower
06:59 Guard Tower
07:16 Scout Tower
07:20 Scout Tower
07:21 Scout Tower
08:22 Keep
09:44 Arcane Vault
11:23 Guard Tower
11:26 Guard Tower
12:30 Workshop
14:04 Scout Tower
14:04 Scout Tower
14:06 Scout Tower
15:02 Arcane Sanctum
15:18 Guard Tower
» items
| Scroll of Regeneration | 1 | |
| Mechanical Critter | 2 | |
| Ivory Tower | 3 | |
6 total
team 2 (winner)
ZombieMachoMan (
teal | 70 APM | 1184 actions | 16:51)
4 Archmage
2 Blizzard
2 Brilliance Aura
2 Blood Mage
1 Flame Strike
1 Siphon Mana
» actions
| Assign group hotkey | 27 | |
| Basic commands | 63 | |
| Build / train | 90 | |
| ESC pressed | 3 | |
| Enter build submenu | 40 | |
| Enter hero's abilities submenu | 6 | |
| Give item / drop item | 1 | |
| Remove unit from queue | 1 | |
| Right click | 499 | |
| Select / deselect | 238 | |
| Select group hotkey | 93 | |
| Use ability | 123 | |
1184 total
» units
| Peasant | 29 | |
| Sorceress | 3 | |
| Dragonhawk Rider | 4 | |
36 total
» upgrades
| Masonry | 2 | |
| Swords | 3 | |
| Armor | 3 | |
| Magic Sentry | 1 | |
| Sorceress Training | 2 | |
| Cloud | 1 | |
| Lumber Harvesting | 2 | |
14 total
» buildings
| Altar of Kings | 2 | |
| Farm | 11 | |
| Arcane Vault | 1 | |
| Lumber Mill | 1 | |
| Scout Tower | 20 | |
| Arcane Tower | 4 | |
| Town Hall | 1 | |
| Guard Tower | 5 | |
| Keep | 1 | |
| Blacksmith | 2 | |
| Castle | 1 | |
| Arcane Sanctum | 1 | |
| Gryphon Aviary | 3 | |
| Barracks | 1 | |
54 total
» build order
00:11 Altar of Kings
00:17 Altar of Kings
00:35 Farm
00:36 Farm
01:16 Arcane Vault
01:28 Lumber Mill
01:49 Scout Tower
02:34 Arcane Tower
02:43 Scout Tower
02:57 Farm
03:40 Arcane Tower
04:00 Scout Tower
04:32 Town Hall
04:35 Scout Tower
04:36 Scout Tower
04:37 Scout Tower
04:38 Scout Tower
05:05 Arcane Tower
05:06 Guard Tower
06:13 Keep
06:30 Scout Tower
06:30 Scout Tower
06:32 Scout Tower
06:32 Scout Tower
06:35 Scout Tower
06:36 Scout Tower
06:37 Arcane Tower
06:43 Blacksmith
06:44 Blacksmith
06:45 Farm
06:48 Farm
06:49 Farm
07:12 Guard Tower
07:19 Scout Tower
07:20 Scout Tower
08:36 Castle
09:17 Scout Tower
09:22 Scout Tower
09:24 Scout Tower
09:27 Guard Tower
09:39 Arcane Sanctum
09:42 Guard Tower
11:05 Gryphon Aviary
11:05 Gryphon Aviary
11:05 Gryphon Aviary
12:26 Barracks
12:37 Guard Tower
14:08 Farm
14:09 Farm
14:09 Farm
14:11 Farm
14:12 Farm
16:43 Scout Tower
16:44 Scout Tower
» items
| Mechanical Critter | 1 | |
| Scroll of Regeneration | 4 | |
| Lesser Clarity Potion | 4 | |
| Scroll of Town Portal | 2 | |
| Potion of Mana | 2 | |
| Potion of Healing | 5 | |
| Staff of Sanctuary | 1 | |
19 total
Chat log
(00:22 / All) ZombieMachoMan: f ;